 Dungeon Crawl Stone Soup version 0.29.1-2-gbd0b4ee654 (webtiles) character file.

Game seed: 5697803509845951246

125 RascalDebosk the Skirmisher (level 5, -19/43 HPs)
             Began as a Gnoll Hunter on Oct 28, 2022.
             Killed by an exploding kobold (30 damage)
             ... ignited by their inner flame
             ... in a sewer.
             The game lasted 00:15:29 (1451 turns).

RascalDebosk the Skirmisher (Gnoll Hunter)          Turns: 1451, Time: 00:15:29

Health: -19/43     AC:  7    Str: 10    XL:     5   Next: 9%
Magic:  7/7        EV: 10    Int: 14    God:
Gold:   108        SH:  0    Dex: 18    Spells: 6/6 levels left

rFire   . . .      SeeInvis .   b - +0 shortbow
rCold   . . .      Faith    .   (shield currently unavailable)
rNeg    . . .      Spirit   .   o - +0 scale mail
rPois   .          Reflect  .   (no helmet)
rElec   .          Harm     .   (no cloak)
rCorr   .          Rampage  .   (no gloves)
Will    .....                   i - +0 pair of boots
Stlth   +.........              (no amulet)
HPRegen 0.14/turn               s - +6 ring of intelligence
MPRegen 0.10/turn               (no ring)

@: slowed, very slow
A: fangs 1, strong nose, distributed training
a: no special abilities


You were in a sewer.
You visited 1 branch of the dungeon, and saw 3 of its levels.
You also visited: Sewer.

You collected 108 gold pieces.

Inventory:

Hand Weapons
 b - a +0 shortbow (weapon)
 n - a +1 short sword of electrocution
Armour
 c - a +0 leather armour
 i - a +0 pair of boots (worn)
 o - a +0 scale mail (worn)
Jewellery
 s - a +6 ring of intelligence (left hand)
Scrolls
 e - a scroll of noise {unknown}
 f - a scroll of amnesia {unknown}
 g - 2 scrolls of poison {unknown}
 h - a scroll of identify {unknown}
 j - 2 scrolls of teleportation {unknown}
 k - a scroll of acquirement {unknown}
 r - a scroll of summoning {unknown}
Potions
 d - 2 potions of brilliance {unknown}
 l - 2 potions of curing
 m - a potion of mutation {unknown}
 p - a potion of invisibility {unknown}
 q - a potion of berserk rage {unknown}


   Skills:
 + Level 4.7 Fighting
 + Level 1.4 Short Blades
 + Level 1.4 Long Blades
 + Level 1.4 Axes
 + Level 1.4 Maces & Flails
 + Level 1.4 Polearms
 + Level 1.4 Staves
 + Level 8.6 Ranged Weapons
 + Level 1.4 Throwing
 + Level 1.4 Armour
 + Level 4.7 Dodging
 + Level 2.7 Stealth
 + Level 1.4 Shields
 + Level 1.4 Unarmed Combat
 + Level 1.4 Spellcasting
 + Level 1.1 Conjurations
 + Level 1.1 Hexes
 + Level 1.1 Summonings
 + Level 1.1 Necromancy
 + Level 1.1 Translocations
 + Level 1.1 Transmutations
 + Level 1.1 Fire Magic
 + Level 1.1 Ice Magic
 + Level 1.1 Air Magic
 + Level 1.1 Earth Magic
 + Level 1.1 Poison Magic
 + Level 1.5 Invocations
 + Level 1.4 Evocations


You had 6 spell levels left.
You didn't know any spells.
Your spell library was empty.

Dungeon Overview and Level Annotations

Branches:
Dungeon (3/15)              Sewer (1/1)

Altars:
Wu Jian

Shops:
D:1 [

Annotations:
Sewer Grinder


Innate Abilities, Weirdness & Mutations

You have very sharp teeth.
Your uncanny sense of smell can sniff out nearby items.
Your experience applies equally to all skills.


Message History

Press: ? - help, Q - select action Shift-Dir - straight line, f - kobold
Aim: a kobold, wielding a +0 short sword and quivering stones (61% to hit)
You shoot an arrow. The arrow hits the kobold.
The kobold is heavily wounded.
Fire: b) +0 shortbow
Press: ? - help, Q - select action Shift-Dir - straight line, f/p - kobold
Aim: a kobold, wielding a +0 short sword and quivering stones (heavily wounded, 61% to hit)
You shoot an arrow. The arrow barely misses the kobold.
The kobold hits you with a +0 short sword.
The kobold brigand hits you but does no damage. x2
The kobold closely misses you.
Fire: b) +0 shortbow
Press: ? - help, Q - select action Shift-Dir - straight line, f/p - kobold
Aim: a kobold, wielding a +0 short sword and quivering stones (heavily wounded, 61% to hit)
You shoot an arrow. The arrow closely misses the kobold.
The kobold hits you but does no damage.
The kobold brigand hits you but does no damage.
Fire: b) +0 shortbow
Press: ? - help, Q - select action Shift-Dir - straight line, f/p - kobold
Aim: a kobold, wielding a +0 short sword and quivering stones (heavily wounded, 61% to hit)
You shoot an arrow. The arrow hits the kobold.
You kill the kobold!
The kobold brigand hits you with a +0 dagger.
* * * LOW HITPOINT WARNING * * *
Fire: b) +0 shortbow
Press: ? - help, Q - select action Shift-Dir - straight line, f - kobold brigand
Aim: a kobold brigand, wielding a +0 dagger and quivering curare-tipped darts (61% to hit)
You shoot an arrow. The arrow hits the kobold brigand.
The kobold brigand is lightly wounded.
The kobold brigand misses you. The kobold hits you but does no damage.
Fire: b) +0 shortbow
Press: ? - help, Q - select action Shift-Dir - straight line, f/p - kobold brigand
Aim: a kobold brigand, wielding a +0 dagger and quivering curare-tipped darts (61% to hit)
You shoot an arrow. The arrow hits the kobold brigand.
The kobold brigand is moderately wounded.
The kobold barely misses you.
The kobold brigand hits you with a +0 dagger.
* * * LOW HITPOINT WARNING * * *
Fire: b) +0 shortbow
Press: ? - help, Q - select action Shift-Dir - straight line, f/p - kobold brigand
Aim: a kobold brigand, wielding a +0 dagger and quivering curare-tipped darts (moderately wounded, 61% to hit)
You shoot an arrow. The arrow hits the kobold brigand.
The kobold brigand is moderately wounded.
The kobold brigand hits you with a +0 dagger.
* * * LOW HITPOINT WARNING * * *
The kobold closely misses you.
Fire: b) +0 shortbow
Press: ? - help, Q - select action Shift-Dir - straight line, f/p - kobold brigand
Aim: a kobold brigand, wielding a +0 dagger and quivering curare-tipped darts (moderately wounded, 61% to hit)
You shoot an arrow.
The arrow closely misses the kobold brigand.
The kobold brigand barely misses you. The kobold closely misses you.
The kobold brigand closely misses you. The kobold hits you but does no damage.
Unknown command.
Fire: b) +0 shortbow
Press: ? - help, Q - select action Shift-Dir - straight line, f/p - kobold brigand
Aim: a kobold brigand, wielding a +0 dagger and quivering curare-tipped darts (moderately wounded, 61% to hit)
You shoot an arrow.
The arrow hits the kobold brigand but does no damage.
The kobold brigand is moderately wounded.
The kobold closely misses you.
The kobold brigand hits you but does no damage.
Fire: b) +0 shortbow
Press: ? - help, Q - select action Shift-Dir - straight line, p - kobold brigand
Okay, then.
The kobold brigand hits you with a +0 dagger.
* * * LOW HITPOINT WARNING * * *
You enter the shallow water.
Moving in this stuff is going to be slow.
The kobold throws a stone.
The stone hits you but does no damage. The kobold brigand barely misses you.
Things that are here:
a +0 club; 5 poisoned darts The kobold brigand hits you with a +0 dagger.
* * * LOW HITPOINT WARNING * * *
The kobold brigand throws a curare-tipped dart.
The curare-tipped dart hits you.
You are lethally poisoned!
You have difficulty breathing.
* * * LOW HITPOINT WARNING * * *
You feel yourself slow down.
It was a potion of curing.
You feel better.
As you read the scroll of immolation, it crumbles to dust.
The creatures around you are filled with an inner flame!
Fire: b) +0 shortbow
Press: ? - help, Q - select action Shift-Dir - straight line, f - kobold, p - kobold brigand
Aim: a kobold, wielding a +0 whip and quivering stones (inner flame, 61% to hit)
You shoot an arrow. The arrow hits the kobold!
You hear a splash.
You hear a splash.
The kobold explodes!
The fiery explosion engulfs the giant cockroach!!
The fiery explosion engulfs the kobold!!!
The fiery explosion engulfs the endoplasm!!
The endoplasm explodes!
The fiery explosion engulfs the wight!!
You destroy the wight!
The kobold explodes!
The fiery explosion engulfs you!!
Ouch! That really hurt!
You die...

..≈≈≈≈≈≈≈≈≈≈≈≈≈~..# #
≈~≈~≈≈≈≈~≈~≈≈~~...# ~≈#
.. ~####≈##~##~###.###
.###z
~.#.............≈≈#...#.
...........))..≈≈≈≈...§
~.#.............≈≈#...
~.####≈#~≈###≈#.####J##
~.#≈≈≈≈≈≈~≈~≈≈~...#ZB≈#
~.#≈≈≈≈≈≈≈≈≈≈≈≈≈@K#.K≈#
~.#≈≈≈≈≈≈≈≈≈≈≈≈§§§#Z≈≈#
≈.#≈≈≈≈≈≈≈≈≈≈≈≈§§§#.5≈#
..#≈≈≈≈≈≈≈≈≈≈≈≈§§§#.J~#
≈.#≈≈≈≈≈≈≈≈≈≈≈≈≈§§§.z≈#
≈.##################~##
~.#≈≈≈≈≈ ≈≈≈≈≈≈≈~≈~~≈≈#
..≈≈≈≈≈≈≈≈≈≈≈~≈≈~~~~.≈#
∆∆∆
..#~≈~≈≈≈≈≈≈≈≈≈≈≈≈≈≈≈~#
∆


You could see a kobold brigand (inner flame).

Vanquished Creatures
  A wight (Sewer)
  Terence (D:2)
  A gnoll (D:1)
  An adder (D:3)
  A shadow imp (Sewer)
  An ufetubus (Sewer)
  A dart slug (D:2)
  6 ball pythons
  5 endoplasms
  6 giant cockroaches
  3 goblins
  4 hobgoblins
  13 kobolds
  8 quokkas
  6 bats
  5 frilled lizards
  A giant cockroach zombie (Sewer)
  7 rats
71 creatures vanquished.

Notes
Turn   | Place    | Note
-------+----------+-------------------------------------------
     0 | D:1      | RascalDebosk the Gnoll Hunter began the quest for the Orb.
     0 | D:1      | Reached XP level 1. HP: 20/20 MP: 1/1
    49 | D:1      | Reached XP level 2. HP: 26/26 MP: 2/2
    92 | D:1      | Found Yllyxofy's Antique Armour Emporium.
   191 | D:1      | Reached XP level 3. HP: 31/31 MP: 2/4
   256 | D:1      | Reached skill level 1 in Invocations
   600 | D:2      | Noticed Terence
   625 | D:2      | Killed Terence
   626 | D:2      | Reached skill level 1 in Short Blades
   626 | D:2      | Reached skill level 1 in Long Blades
   626 | D:2      | Reached skill level 1 in Axes
   626 | D:2      | Reached skill level 1 in Maces & Flails
   626 | D:2      | Reached skill level 1 in Polearms
   626 | D:2      | Reached skill level 1 in Staves
   626 | D:2      | Reached skill level 1 in Throwing
   626 | D:2      | Reached skill level 1 in Armour
   626 | D:2      | Reached skill level 1 in Shields
   626 | D:2      | Reached skill level 1 in Unarmed Combat
   626 | D:2      | Reached skill level 1 in Spellcasting
   626 | D:2      | Reached skill level 1 in Evocations
   626 | D:2      | Reached XP level 4. HP: 19/38 MP: 5/5
   822 | D:2      | Found an ornate altar of the Wu Jian Council.
  1095 | D:2      | Reached skill level 1 in Conjurations
  1095 | D:2      | Reached skill level 1 in Hexes
  1095 | D:2      | Reached skill level 1 in Summonings
  1095 | D:2      | Reached skill level 1 in Necromancy
  1095 | D:2      | Reached skill level 1 in Translocations
  1095 | D:2      | Reached skill level 1 in Transmutations
  1095 | D:2      | Reached skill level 1 in Fire Magic
  1095 | D:2      | Reached skill level 1 in Ice Magic
  1095 | D:2      | Reached skill level 1 in Air Magic
  1095 | D:2      | Reached skill level 1 in Earth Magic
  1095 | D:2      | Reached skill level 1 in Poison Magic
  1293 | D:3      | Found a glowing drain.
  1309 | Sewer    | Entered a sewer
  1409 | Sewer    | Reached XP level 5. HP: 43/43 MP: 7/7
  1415 | Sewer    | Noticed a kobold brigand
  1420 | Sewer    | Noticed Grinder
  1451 | Sewer    | Killed by an exploding kobold... ignited by their inner
                  | flame

Illustrated notes

Levels and vault maps discovered:
D:1:      dpeg_arrival_boxorama, layout_rooms, serial_shops,
          nicolae_shop_overgrown_old_shop
D:2:      layout_basic, basic_altar, uniq_terence
D:3:      layout_basic, fedhas_ov_isle_minmay, gup_sewer_entry_pipe,
          minmay_misc_feat_plants
Sewer:    kennysheep_sewer_church

Skill      XL: |  1  2  3  4 |
---------------+-------------+-----
Invocations    | 1 |  1.5
Short Blades   | 1 |  1.4
Long Blades    | 1 |  1.4
Axes           | 1 |  1.4
Maces & Flails | 1 |  1.4
Polearms       | 1 |  1.4
Staves         | 1 |  1.4
Throwing       | 1 |  1.4
Armour         | 1 |  1.4
Shields        | 1 |  1.4
Unarmed Combat | 1 |  1.4
Spellcasting   | 1 |  1.4
Evocations     | 1 |  1.4
Conjurations   | 1 |  1.1
Hexes          | 1 |  1.1
Summonings     | 1 |  1.1
Necromancy     | 1 |  1.1
Translocations | 1 |  1.1
Transmutations | 1 |  1.1
Fire Magic     | 1 |  1.1
Ice Magic      | 1 |  1.1
Air Magic      | 1 |  1.1
Earth Magic    | 1 |  1.1
Poison Magic   | 1 |  1.1
Fighting       | |  4.7
Ranged Weapons | |  8.6
Dodging        | |  4.7
Stealth        | |  2.7

Action                   |  1- 3 |  4- 6 || total
-------------------------+-------+-------++-------
 Fire: Shortbow          |    71 |    91 ||   162
  Use: Scroll            |       |     1 ||     1
       Potion            |       |     1 ||     1
Armor: Leather armour    |     3 |       ||     3
       Scale mail        |       |    36 ||    36
Dodge: Dodged            |    12 |    44 ||    56
